 Dungeon Crawl Stone Soup version 0.25-a0-110-ge29c8f2358 (webtiles) character file.

Game seed: 1696210267751241379, levelgen mode: deterministic

1645576 kayak the Conqueror (level 27, 323/323 HPs)
             Began as a Demonspawn Berserker on Nov 20, 2019.
             Was the Champion of Trog.
             Escaped with the Orb
             ... and 3 runes!
             The game lasted 03:45:36 (83407 turns).

kayak the Conqueror (Demonspawn Berserker)         Turns: 83407, Time: 03:45:36

Health: 323/323    AC: 54    Str: 26    XL:     27
Magic:  8/8        EV:  8    Int:  9    God:    Trog [******]
Gold:   5365       SH: 15    Dex: 16    Spells: 26/26 levels left

rFire    + + +     SeeInvis +   b - +9 broad axe (antimagic)
rCold    + + .     Gourm    .   X - +0 shield {AC+3}
rNeg     . . .     Faith    .   Y - +12 gold dragon scales
rPois    +         Spirit   +   (helmet unavailable)
rElec    +         Reflect  .   m - +2 cloak {MR+}
rCorr    .         Harm     +   Q - +1 pair of gloves "Mutta" {Slay+3 Stlth+}
MR       +++..     Clarity  +   A - +2 pair of boots
Stlth    ..........             v - amulet "Bedaddet" {Harm *Drain Fragile rF+ Dex+3 Slay+3}
HPRegen  0.63/turn              q - ring "Xol Ryax" {rPois rF++ Slay+3}
MPRegen  0.22/turn              G - +3 ring of slaying

@: no status effects
A: antennae 3, thin metallic scales 3, clarity, clumsy 1, cold resistance 1,
poison resistance, powered by pain 3, robust 3, weak 1, magic shield, magic
regeneration, magic link
0: Orb of Zot
}: 3/15 runes: decaying, serpentine, silver
a: Berserk, Trog's Hand, Brothers in Arms, Renounce Religion


You escaped.
You worshipped Trog.
Trog was exalted by your worship.
You were not hungry.

You visited 9 branches of the dungeon, and saw 49 of its levels.
You visited the Abyss 1 time.
You also visited: Bailey and Ice Cave.

You collected 8488 gold pieces.
You spent 3123 gold pieces at shops.

Inventory:

Hand Weapons
 a - a +9 broad axe of freezing
 b - a +9 antimagic broad axe (weapon)
Missiles
 e - 7 curare-tipped darts
 w - 7 throwing nets
 H - 51 silver javelins (quivered)
 O - 26 javelins
Armour
 m - a +2 cloak of magic resistance (worn)
 A - a +2 pair of boots (worn)
 Q - the +1 pair of gloves "Mutta" (worn) {Slay+3 Stlth+}
   (You bought it in a shop on level 2 of the Orcish Mines)

   It affects your accuracy and damage with ranged weapons and melee attacks
   (+3).
   It makes you more stealthy.
 X - a +0 shield of protection (worn)
 Y - +12 gold dragon scales (worn)
Jewellery
 n - the ring "Cilutagi" {*Tele Dex+2}
   (You found it on level 3 of the Realm of Zot)

   [ring of teleportation]

   It may teleport you next to monsters.
   It affects your dexterity (+2).
 q - the ring "Xol Ryax" (left hand) {rPois rF++ Slay+3}
   (You found it on level 3 of the Realm of Zot)

   [ring of poison resistance]

   It affects your accuracy and damage with ranged weapons and melee attacks
   (+3).
   It greatly protects you from fire.
   It protects you from poison.
 u - the ring "Targh" {rC- rN+ Int+2 Slay+2}
   (You took it off a necromancer on level 5 of the Depths)

   [ring of intelligence]

   It affects your intelligence (+2).
   It affects your accuracy and damage with ranged weapons and melee attacks
   (+2).
   It makes you vulnerable to cold.
   It protects you from negative energy.
 v - the amulet "Bedaddet" (around neck) {Harm *Drain Fragile rF+ Dex+3 Slay+3}
   (You found it on level 1 of the Lair of Beasts)

   [amulet of harm]

   It increases damage dealt and taken.
   It affects your dexterity (+3).
   It affects your accuracy and damage with ranged weapons and melee attacks
   (+3).
   It protects you from fire.
   It causes draining when unequipped.
   It will be destroyed if unequipped.
 G - a +3 ring of slaying (right hand)
 K - the ring of Ammigubb {rElec rF+ MR+ Stlth+}
   (You found it on level 5 of the Depths)

   [ring of protection from magic]

   It protects you from fire.
   It insulates you from electricity.
   It affects your resistance to hostile enchantments.
   It makes you more stealthy.
 L - the ring of Gugh {rF+ AC+3 Str+4 Int-4}
   (You took it off a deep elf elementalist on level 3 of the Elven Halls)

   [ring of protection]

   It affects your AC (+3).
   It affects your strength (+4).
   It affects your intelligence (-4).
   It protects you from fire.
Wands
 o - a wand of digging (14)
 z - a wand of iceblast (66)
 J - a wand of paralysis (48)
 T - a wand of acid (53)
 U - a wand of clouds (5)
Scrolls
 f - 22 scrolls of remove curse
 g - 2 scrolls of blinking
 j - 17 scrolls of teleportation
 s - 4 scrolls of summoning
 t - 9 scrolls of magic mapping
 x - 14 scrolls of identify
 D - 11 scrolls of immolation
 E - 2 scrolls of silence
 R - 7 scrolls of fear
 Z - 9 scrolls of fog
Potions
 d - 19 potions of curing
 h - 3 potions of cancellation
 i - 6 potions of heal wounds
 r - 8 potions of flight
 y - 7 potions of brilliance
 C - 6 potions of resistance
 F - 9 potions of lignification
 I - 6 potions of ambrosia
 M - 3 potions of haste
 N - 2 potions of magic
 P - 2 potions of might
 W - a potion of berserk rage
Miscellaneous
 l - a lamp of fire
 p - 2 boxes of beasts
 V - 3 phantom mirrors
Comestibles
 c - 44 rations


   Skills:
 O Level 27 Fighting
   Level 2.5 Long Blades
 * Level 23.5 Axes
 - Level 19.6 Throwing
 - Level 23.0 Armour
 - Level 1.9 Dodging
 - Level 0.2 Stealth
 - Level 15.0 Shields
 + Level 0.1 Unarmed Combat
 + Level 2.0 Evocations


You had 26 spell levels left.
You didn't know any spells.
Your spell library was empty.

Dungeon Overview and Level Annotations

Branches:
Dungeon (15/15)            Temple (0/1) D:5            Lair (6/6) D:11
  Swamp (4/4) Lair:2        Snake (4/4) Lair:2        Slime (0/5) Lair:5
    Orc (2/2) D:10            Elf (3/3) Orc:2        Vaults (5/5) D:13
  Crypt (0/3) Vaults:2     Depths (5/5) D:15            Zot (5/5) Depths:5
 Bailey (visited)           IceCv (visited)

Altars:
Cheibriados
Dithmenos
Elyvilon
Nemelex Xobeh
Okawaru
Qazlal
Ru
Uskayaw
Vehumet
Wu Jian
Xom
The Shining One
Jiyva
Lugonu

Shops:
D:4 *   D:9 !   D:11 %   D:14 ?   Orc:1 !   Orc:2 %:[[?*(:   Elf:3 %?}
Snake:1 =:[[   Depths:3 }=}

Portals:
Hell: Depths:1 Depths:2 Depths:3 Depths:4 Depths:5
Abyss: Depths:3 Depths:4
Pandemonium: Depths:1 Depths:3 Depths:5
Ziggurat: Depths:3
Trove: Depths:2 (give 7 potions of agility)

Annotations:
D:6 2 transporters, erloom's ghost, novice GrEE
Elf:2 exclusion: orange crystal statue
Depths:4 exclusion: upstairs
Zot:2 exclusion: 2 downstairs


Innate Abilities, Weirdness & Mutations

You have a pair of large antennae on your head. (SInv)
You are completely covered in thin metallic scales. (AC +4, rElec)
You are powered by pain.
You are extremely robust. (+30% HP)
When hurt, damage is shared between your health and your magic reserves.
You regenerate magic rapidly.
When low on magic, you restore magic in place of health.
You possess an exceptional clarity of mind.
You are clumsy. (Dex -2)
Your flesh is cold resistant. (rC+)
Your system is resistant to poisons. (rPois)
You are weak. (Str -2)


Message History

Your skin stops crawling.
You feel less resistant to hostile enchantments.
A smoke demon comes into view.
The smoke demon roars!
The smoke demon gestures at you.
The ball of steam hits you but does no damage.
No target in view!
Unknown command.
No target in view!
You slash the smoke demon!
The smoke demon's magic leaks into the air.
The smoke demon is moderately wounded.
You slice the smoke demon!!
You kill the smoke demon!
Trog accepts your kill.
There is a staircase leading out of the dungeon here.
You can't go down here!
Unknown command.
Unknown command.
You have escaped!

..#
#..#≈≈≈#..#
.##
#..#≈≈≈#..#
.#
#..#≈;≈#..#
.#
#..#####..#
.#
#.........#
.#
#...⌠.⌠...#
.#
#.8.....8.#
.#
#.........#
.#
#....@....#
.#
#.........#
##
#.8.....8.#
#.........#
#...⌠.⌠...#
#.........#
###########


You could see an electric eel.

Vanquished Creatures
  8 orbs of fire (Zot:5)
  Mara (Elf:3)
  4 ancient liches
  A juggernaut (Depths:2)
  Sojobo (Depths:1)
  Margery (Vaults:3)
  3 Killer Klowns (Zot:5)
  Bai Suzhen (Vaults:3)
  Frederick (Vaults:5)
  4 caustic shrikes (Depths:4)
  4 curse toes
  15 golden dragons
  5 electric golems
  A pandemonium lord (D:1)
  Jorgrun (Swamp:3)
  30 tentacled monstrosities
  7 quicksilver dragons
  4 deep elf blademasters
  26 Orb Guardians
  4 liches
  4 titans
  A deep elf master archer (Elf:3)
  Gastronok (Orc:1)
  3 Executioners
  2 tentacled starspawn (Abyss:5)
  10 death cobs
  10 shadow dragons
  Kirke (D:14)
  6 thorn hunters
  8 sphinxes
  11 tengu reavers
  A draconian monk (Zot:3)
  Roxanne (Snake:3)
  17 storm dragons
  9 nagarajas
  A juggernaut zombie (Depths:4)
  13 fire giants
  12 frost giants
  3 iron dragons
  4 draconian knights
  Aizul (Snake:2)
  4 orc warlords
  16 vault wardens
  5 ghost moths
  14 deep elf sorcerers
  A draconian scorcher (Depths:5)
  8 deep elf elementalists
  2 draconian shifters
  3 draconian stormcallers
  2 angels (Depths:3)
  27 very ugly things
  5 spriggan defenders
  2 entropy weavers
  22 ironheart preservers
  5 draconian annihilators
  4 green draconians
  7 war gargoyles (Vaults:5)
  19 stone giants
  A caustic shrike skeleton (Depths:4)
  10 vampire knights
  12 deep elf demonologists
  7 black draconians
  The ghost of Vabeppot the Carver, a journeyman DrGl of Ashenzari (Lair:5)
  Azrael (D:12)
  4 yellow draconians
  A lorocyproca (D:5)
  8 white draconians
  10 deep elf annihilators
  4 red draconians
  3 purple draconians
  5 spark wasps
  16 ettins
  A merfolk javelineer (Depths:3)
  8 deep elf death magi
  Snorg (D:14)
  A blizzard demon (D:8)
  9 deep elf high priests
  13 fire dragons
  2 jiangshi (Depths:2)
  Josephine (Lair:5)
  21 hydras
  4 rakshasas
  21 yaktaur captains
  Harold (D:7)
  42 vault guards
  17 naga warriors
  12 great orbs of eyes
  9 ice dragons
  Erica (Lair:1)
  2 shambling mangroves
  A monstrous demonspawn (Depths:1)
  3 catoblepae (Lair:6)
  7 centaur warriors
  9 spriggan air magi
  2 death knights
  23 ogre magi
  13 anacondas
  An anaconda (shapeshifter) (Depths:4)
  An alligator (shapeshifter) (Depths:2)
  5 death yaks (Lair:6)
  9 alligators
  Urug (D:12)
  12 deep troll shamans
  56 two-headed ogres
  8 tengu warriors
  12 deep troll earth magi
  10 vampire magi
  28 dancing weapons
  A thrashing horror (Abyss:5)
  6 spriggan berserkers
  4 orc high priests
  12 naga sharpshooters
  30 deep elf knights
  A shock serpent (shapeshifter) (Vaults:5)
  A soul eater (Depths:1)
  11 shock serpents
  2 wretched stars (Abyss:5)
  A fire crab (Lair:6)
  35 hell knights
  An iron troll (Depths:4)
  2 spatial maelstroms (Abyss:5)
  2 shadow wraiths (Vaults:3)
  8 glowing orange brains
  4 flayed ghosts
  6 salamander mystics
  26 skeletal warriors
  47 deep trolls
  3 unseen horrors
  7 wizards
  2 sea snakes (Snake:1)
  16 naga ritualists
  2 spriggan druids
  4 harpies (Vaults:5)
  5 phantasmal warriors
  8 swamp dragons
  20 deep elf archers
  A tengu zombie (Vaults:5)
  10 orc knights
  15 necromancers
  A harpy (shapeshifter) (Depths:1)
  73 deep elf magi
  11 ironbrand convokers
  29 ugly things
  5 wolf spiders
  19 mana vipers
  A faun (shapeshifter) (Depths:4)
  2 shadow dragon skeletons (Vaults:5)
  A frost giant zombie (Vaults:4)
  6 orc sorcerers
  A wolf spider (shapeshifter) (Vaults:5)
  8 cyclopes
  2 moths of wrath (shapeshifter)
  2 manticores (Lair:6)
  41 black mambas
  A manticore (shapeshifter) (Depths:1)
  19 salamanders
  31 moths of wrath
  A spriggan zombie (Depths:4)
  2 stone giant zombies
  A titan simulacrum (Depths:4)
  A stone giant skeleton (Vaults:5)
  Maurice (D:12)
  13 vault sentinels
  3 black mambas (shapeshifter)
  An ice statue (IceCv)
  23 naga magi
  5 elephants (Lair:6)
  A human skeleton (Vaults:1)
  3 smoke demons
  A spiny frog (shapeshifter) (Depths:4)
  3 gargoyles
  3 guardian serpents (shapeshifter)
  6 guardian serpents
  An orange demon (Depths:1)
  19 spiny frogs
  3 rime drakes (Swamp:4)
  A yaktaur zombie (Vaults:5)
  An efreet (D:13)
  7 komodo dragons
  48 yaktaurs
  2 yaktaurs (shapeshifter)
  2 tormentors
  17 freezing wraiths
  2 centaur skeletons
  A demonic crawler (Abyss:5)
  An ice devil (Depths:1)
  2 ancient zymes
  12 tyrant leeches
  A hellwing (Depths:1)
  A guardian mummy (Depths:2)
  2 tengu conjurers
  A jumping spider (shapeshifter) (D:13)
  2 polar bears
  6 trolls
  A queen bee (Lair:3)
  2 trolls (shapeshifter)
  23 hornets
  4 dream sheep (Lair:5)
  5 bog bodies
  3 hippogriffs (shapeshifter)
  A raiju (shapeshifter) (Vaults:4)
  12 hippogriffs
  43 slime creatures
  A snapping turtle (shapeshifter) (Vaults:5)
  19 blink frogs
  A dream sheep (shapeshifter) (Depths:2)
  A frost giant simulacrum (Vaults:1)
  6 raiju
  An ettin skeleton (Vaults:5)
  An ettin zombie (Vaults:1)
  20 spriggans
  2 redbacks (Vaults:1)
  3 air elementals
  3 wraiths (Lair:5)
  4 shadows
  3 vampires (Vaults:2)
  A redback (shapeshifter) (D:13)
  A yak (shapeshifter) (Elf:2)
  50 yaks
  A tarantella (shapeshifter) (Vaults:5)
  3 wyverns
  8 large abominations
  4 fire elementals
  2 hogs (D:14)
  Grum (D:9)
  2 chaos spawn (Abyss:5)
  A hog (shapeshifter) (Vaults:4)
  12 water elementals
  A steam dragon (D:7)
  2 neqoxecs (Abyss:5)
  23 vampire mosquitoes
  2 basilisks
  7 wargs
  A death yak simulacrum (IceCv)
  11 insubstantial wisps (Swamp:1)
  68 nagas
  A soldier ant (shapeshifter) (Elf:2)
  7 acid dragons
  A swamp worm (shapeshifter) (Depths:1)
  19 swamp worms
  A floating eye (shapeshifter) (D:15)
  3 hell hounds (D:12)
  Duvessa (D:7)
  20 water moccasins
  3 elf skeletons
  7 porcupines
  An ogre skeleton (Vaults:1)
  3 floating eyes
  8 swamp drakes
  6 sky beasts
  55 orc warriors
  An alligator simulacrum (IceCv)
  An eye of draining (shapeshifter) (Depths:5)
  3 black bears
  An elf zombie (Vaults:4)
  An eye of draining (D:11)
  A phantom (D:7)
  6 small abominations
  18 starcursed masses (Abyss:5)
  16 ice beasts
  56 ogres
  A black bear (shapeshifter) (Vaults:2)
  14 boggarts
  3 necrophages
  10 wolves
  12 centaurs
  12 crocodiles
  12 bullfrogs
  2 human zombies
  2 big kobolds
  3 earth elementals
  Dowan (D:7)
  2 wyvern zombies
  A yaktaur skeleton (Vaults:1)
  A water moccasin skeleton (D:6)
  3 scorpions
  40 killer bees
  A swamp dragon simulacrum (IceCv)
  An orc simulacrum (Vaults:1)
  5 electric eels
  18 wights
  4 howler monkeys
  A bullfrog zombie (D:6)
  11 crimson imps
  10 draconian simulacra (IceCv)
  3 centaur zombies
  3 lava snakes (Snake:3)
  A quasit (D:9)
  10 hounds
  3 iron imps (Depths:1)
  7 jellies
  29 orc wizards
  22 orc priests
  Jessica (D:3)
  9 worker ants
  Ijyb (D:3)
  4 iguanas
  3 troll simulacra (IceCv)
  Natasha (twice) (D:4)
  A wolf simulacrum (IceCv)
  3 centaur simulacra (IceCv)
  A howler monkey zombie (D:6)
  A worker ant zombie (D:8)
  15 gnolls
  3 naga simulacra (IceCv)
  19 adders
  An ogre simulacrum (IceCv)
  3 shadow imps
  12 white imps (IceCv)
  6 oozes
  An adder zombie (D:5)
  3 worms
  3 dart slugs
  4 leopard geckos
  128 orcs
  7 giant cockroaches
  26 goblins
  23 hobgoblins
  12 jackals
  7 quokkas
  3 ball pythons
  10 bats
  7 frilled lizards
  12 kobolds
  A leopard gecko skeleton (D:6)
  9 rats
  4 briar patches (Swamp:1)
  A bush (Lair:2)
  2 crawling corpses (Elf:3)
  5 fungi
  18 plants
2802 creatures vanquished.

Vanquished Creatures (others)
  A deep elf knight (Vaults:4)
  A shadow wraith (Vaults:4)
  A yaktaur (D:15)
  A human (D:14)
  An ogre (Depths:2)
  An orc wizard (Orc:1)
  2 briar patches (Swamp:1)
  13 fungi
  8 plants
  4 starspawn tentacles (Abyss:5)
33 creatures vanquished.

Grand Total: 2835 creatures vanquished

Notes
Turn   | Place    | Note
-------+----------+-------------------------------------------
     0 | D:1      | kayak the Demonspawn Berserker began the quest for the Orb.
     0 | D:1      | Reached XP level 1. HP: 18/18 MP: 1/1
     8 | D:1      | Noticed an electric eel
   415 | D:1      | Gained mutation: You are partially covered in thin metallic
                  | scales. (AC +2) [demonic ancestry]
   415 | D:1      | Reached XP level 2. HP: 16/24 MP: 2/2
  1035 | D:2      | Gained mutation: You are mostly covered in thin metallic
                  | scales. (AC +3) [demonic ancestry]
  1035 | D:2      | Reached XP level 3. HP: 27/29 MP: 3/3
  1043 | D:2      | Reached ** piety under Trog
  1717 | D:2      | Noticed an ogre
  1720 | D:2      | Reached XP level 4. HP: 31/37 MP: 4/4
  1806 | D:1      | Killed an ogre
  1806 | D:1      | Reached skill level 4 in Fighting
  1806 | D:1      | Gained mutation: You are completely covered in thin
                  | metallic scales. (AC +4, rElec) [demonic ancestry]
  1806 | D:1      | Reached XP level 5. HP: 4/42 MP: 5/5
  2610 | D:3      | Noticed Ijyb
  2624 | D:3      | Killed Ijyb
  3103 | D:3      | Reached skill level 5 in Axes
  3238 | D:3      | Noticed Jessica
  3241 | D:3      | Killed Jessica
  3241 | D:3      | Gained mutation: You have a pair of small antennae on your
                  | head. [demonic ancestry]
  3241 | D:3      | Reached XP level 6. HP: 49/49 MP: 6/6
  4383 | D:4      | Found Feesomaj's General Store.
  4393 | D:4      | Bought a +0 war axe for 35 gold pieces
  4397 | D:4      | You fall into a shaft and drop 3 floors!
  4397 | D:7      | Noticed an orc warrior
  4404 | D:7      | Killed an orc warrior
  4404 | D:7      | Reached XP level 7. HP: 55/55 MP: 7/7
  4457 | D:7      | Noticed Harold
  4501 | D:7      | Killed Harold
  4501 | D:7      | Reached skill level 5 in Fighting
  4501 | D:7      | Gained mutation: When hurt, damage is shared between your
                  | health and your magic reserves. [demonic ancestry]
  4501 | D:7      | Reached XP level 8. HP: 18/64 MP: 8/8
  4534 | D:7      | Noticed Duvessa
  4536 | D:7      | Noticed Dowan
  4549 | D:7      | Killed Duvessa
  4549 | D:7      | Reached skill level 6 in Fighting
  4552 | D:7      | Killed Dowan
  4767 | D:7      | Found a snail-covered altar of Cheibriados.
  4767 | D:7      | Found a shadowy altar of Dithmenos.
  4831 | D:5      | Entered Level 5 of the Dungeon
  5012 | D:5      | Found a hide-covered altar of Uskayaw.
  5390 | D:5      | Found a staircase to the Ecumenical Temple.
  5872 | D:5      | Found a sparkling altar of Nemelex Xobeh.
  5872 | D:5      | Found an ornate altar of the Wu Jian Council.
  6042 | D:5      | Reached XP level 9. HP: 71/71 MP: 9/9
  6288 | D:4      | Noticed Natasha
  6297 | D:4      | Killed Natasha
  6511 | D:4      | Reached skill level 5 in Armour
  6630 | D:4      | Noticed Natasha
  6639 | D:4      | Killed Natasha
  6740 | D:6      | Found a radiant altar of Vehumet.
  6765 | D:6      | Found a transporter.
  6768 | D:6      | Noticed erloom's ghost (novice GrEE)
  6810 | D:6      | Reached *** piety under Trog
  7253 | D:6      | Found a transporter.
  7662 | D:6      | Found a stormy altar of Qazlal.
  8209 | D:7      | Reached skill level 7 in Fighting
  8664 | D:7      | Found a glowing golden altar of the Shining One.
  8887 | D:8      | Reached skill level 10 in Axes
  9245 | D:8      | Gained mutation: You sometimes gain a little power by
                  | taking damage. [demonic ancestry]
  9245 | D:8      | Reached XP level 10. HP: 77/79 MP: 10/10
  9541 | D:8      | Noticed a two-headed ogre
  9556 | D:8      | Killed a two-headed ogre
  9750 | D:8      | Reached **** piety under Trog
  9785 | D:8      | Reached skill level 8 in Fighting
 10029 | D:8      | Found a white marble altar of Elyvilon.
 10585 | D:9      | Noticed Grum
 10622 | D:9      | Killed Grum
 10925 | D:9      | Found Etaaxkie's Distillery.
 11173 | D:9      | Reached ***** piety under Trog
 11382 | D:10     | Entered Level 10 of the Dungeon
 11501 | D:10     | Found a staircase to the Orcish Mines.
 12765 | D:11     | Noticed a cyclops
 12784 | D:11     | Killed a cyclops
 12784 | D:11     | Reached XP level 11. HP: 86/86 MP: 7/11
 12847 | D:11     | Noticed a brown ugly thing
 12867 | D:11     | Killed a brown ugly thing
 12931 | D:11     | Reached skill level 9 in Fighting
 12933 | D:11     | Found a flagged portal.
 13015 | Bailey   | Entered a bailey
 13486 | Bailey   | Noticed an orc warlord
 13530 | Bailey   | Killed an orc warlord
 13530 | Bailey   | Received a gift from Trog
 13596 | Bailey   | Noticed an orc knight
 13620 | Bailey   | Killed an orc knight
 13906 | Bailey   | Noticed an orc knight
 13929 | Bailey   | Killed an orc knight
 14414 | D:11     | Reached skill level 1 in Throwing
 14774 | D:11     | Found a transporter.
 14776 | D:11     | Noticed a white ugly thing
 14776 | D:11     | Noticed a red very ugly thing
 14964 | D:11     | Found Xossel's Food Shoppe.
 15092 | D:11     | Found a transporter.
 15093 | D:11     | Found a corrupted altar of Lugonu.
 15377 | D:11     | Noticed a cyan ugly thing
 15387 | D:11     | Killed a cyan ugly thing
 15507 | D:11     | Found a staircase to the Lair.
 15640 | D:11     | Noticed a purple ugly thing
 15756 | D:12     | Reached skill level 10 in Fighting
 15782 | D:12     | Gained mutation: You are robust. (+10% HP) [demonic
                  | ancestry]
 15782 | D:12     | Reached XP level 12. HP: 84/105 MP: 9/12
 15861 | D:12     | Noticed Urug
 15872 | D:12     | Killed Urug
 15954 | D:12     | Noticed Azrael
 15966 | D:12     | Killed Azrael
 16478 | D:12     | Noticed Maurice
 16502 | D:12     | Killed Maurice
 17045 | D:13     | Reached skill level 10 in Armour
 17051 | D:13     | Identified 2 scrolls of acquirement
 17084 | D:13     | Got a pair of blackened gloves
 17095 | D:13     | Identified the +1 pair of gloves "Cutz" {rPois rN+ Dex+3
                  | Stlth-} (You acquired it on level 13 of the Dungeon)
 17368 | D:13     | Noticed a vault guard
 17368 | D:13     | Noticed a vault guard
 17368 | D:13     | Noticed a vault guard
 17369 | D:13     | Found a gate to the Vaults.
 17369 | D:13     | Noticed a vault guard
 17369 | D:13     | Noticed a vault guard
 17369 | D:13     | Noticed a vault guard
 17369 | D:13     | Noticed a vault guard
 17370 | D:13     | Noticed a vault guard
 17380 | D:13     | Killed a vault guard
 17384 | D:13     | Killed a vault guard
 17394 | D:13     | Killed a vault guard
 17411 | D:13     | Killed a vault guard
 17411 | D:13     | Reached skill level 11 in Fighting
 17411 | D:13     | Gained mutation: You sometimes gain power by taking damage.
                  | [demonic ancestry]
 17411 | D:13     | Reached XP level 13. HP: 103/115 MP: 10/13
 18181 | D:14     | Noticed Snorg
 18199 | D:14     | Killed Snorg
 18199 | D:14     | Reached skill level 15 in Axes
 18247 | D:14     | Noticed Kirke
 18456 | D:14     | Killed Kirke
 18485 | D:14     | Found Myfuasulaud's Magic Scroll Shop.
 18951 | D:14     | Received a gift from Trog
 19049 | D:14     | Found a sacrificial altar of Ru.
 19150 | D:15     | Entered Level 15 of the Dungeon
 19246 | D:15     | Received a gift from Trog
 19262 | D:15     | Found a snail-covered altar of Cheibriados.
 19263 | D:15     | HP: 3/115 [yaktaur/bolt (17)]
 19263 | D:15     | HP: 1/115 [yaktaur/bolt (2)]
 19843 | D:15     | Reached skill level 12 in Fighting
 19982 | D:15     | Found a staircase to the Depths.
 20294 | D:15     | Gained mutation: You have a pair of antennae on your head.
                  | [demonic ancestry]
 20294 | D:15     | Reached XP level 14. HP: 109/126 MP: 14/14
 20756 | Lair:1   | Entered Level 1 of the Lair of Beasts
 20837 | Lair:1   | Got a sparkling emerald amulet
 21196 | Lair:1   | Noticed Erica
 21219 | Lair:1   | Killed Erica
 21548 | Lair:1   | Found a shimmering altar of Xom.
 21875 | Lair:2   | Found a staircase to the Snake Pit.
 21894 | Lair:2   | Received a gift from Trog
 22300 | Lair:2   | Found a staircase to the Swamp.
 23232 | Lair:2   | Got a slimy chain mail
 23233 | Lair:2   | Identified the amulet "Bedaddet" {Harm *Drain Fragile rF+
                  | Dex+3 Slay+3} (You found it on level 1 of the Lair of
                  | Beasts)
 23246 | Lair:2   | Identified the +5 chain mail of Xoot {Int+3} (You found it
                  | on level 2 of the Lair of Beasts)
 24409 | Lair:4   | Got an iridescent war axe
 24411 | Lair:4   | Identified the cursed +2 war axe "Negoezin" {freeze, +Blink
                  | rF++} (You found it on level 4 of the Lair of Beasts)
 24570 | Lair:4   | Found a frozen archway.
 24610 | IceCv    | Entered an ice cave
 24843 | IceCv    | Reached skill level 13 in Fighting
 24881 | IceCv    | Received a gift from Trog
 25284 | IceCv    | Found an ancient bone altar of Kikubaaqudgha.
 27090 | Lair:5   | Received a gift from Trog
 27209 | Lair:5   | Found a viscous altar of Jiyva.
 27210 | Lair:5   | Found a staircase to the Slime Pits.
 27247 | Lair:5   | Noticed Josephine
 27260 | Lair:5   | Killed Josephine
 27260 | Lair:5   | Reached skill level 1 in Long Blades
 27262 | Lair:5   | Gained mutation: You have a pair of large antennae on your
                  | head. (SInv) [demonic ancestry]
 27262 | Lair:5   | Reached XP level 15. HP: 130/136 MP: 15/15
 27316 | Lair:5   | Found a large runed translucent door.
 27317 | Lair:5   | Found a large runed translucent door.
 28035 | Lair:5   | Noticed Vabeppot's ghost (journeyman DrGl)
 28172 | Lair:5   | Killed Vabeppot's ghost
 28179 | Lair:5   | Got a transparent glass ring
 28181 | Lair:5   | Identified the ring "Zisamof" {rElec rC+ MP+9} (You found
                  | it on level 5 of the Lair of Beasts)
 28203 | Lair:6   | Entered Level 6 of the Lair of Beasts
 28264 | Lair:6   | Reached ****** piety under Trog
 28623 | Lair:6   | Reached skill level 14 in Fighting
 28946 | Lair:6   | Received a gift from Trog
 30200 | Orc:1    | Entered Level 1 of the Orcish Mines
 30485 | Orc:1    | Noticed an orc warlord
 30504 | Orc:1    | Killed an orc warlord
 31402 | Orc:2    | Entered Level 2 of the Orcish Mines
 31412 | Orc:2    | Noticed an orc warlord
 32188 | Orc:1    | HP: 10/208 [orc warlord/+0 long sword (12)]
 32189 | Orc:1    | Killed an orc warlord
 32724 | Orc:2    | Noticed an orc warlord
 33021 | Orc:1    | Received a gift from Trog
 33614 | Orc:1    | Killed an orc warlord
 34213 | Orc:2    | Gained mutation: Your magical capacity is low. (-10% MP) [a
                  | neqoxec]
 34217 | Orc:2    | Gained mutation: Your body sometimes deteriorates upon
                  | taking damage. [a neqoxec]
 34222 | Orc:2    | Found Tewkaome's Antique Weapon Shop.
 34231 | Orc:2    | Found Fuypok's Magic Scroll Shop.
 34291 | D:9      | Bought a potion of mutation for 120 gold pieces
 34291 | D:9      | Lost mutation: Your magical capacity is low. (-10% MP)
                  | [potion of mutation]
 34291 | D:9      | Lost mutation: Your body sometimes deteriorates upon taking
                  | damage. [potion of mutation]
 34291 | D:9      | Gained mutation: You expend magic power (3 MP) to
                  | strengthen your wands. [potion of mutation]
 34291 | D:9      | Gained mutation: You are very robust. (+20% HP) [potion of
                  | mutation]
 34291 | D:9      | Gained mutation: You are resistant to hostile enchantments.
                  | (MR+) [potion of mutation]
 34369 | Orc:2    | Found a staircase to the Elven Halls.
 34405 | Orc:2    | Found Ennu's Book Emporium.
 34432 | Orc:2    | Bought a scroll of magic mapping for 52 gold pieces
 34442 | Orc:2    | Found Qifogod's Antique Armour Boutique.
 34473 | Orc:2    | Found Iruczeetz's Book Shop.
 34543 | Orc:2    | Found Umogan's Food Boutique.
 34635 | Orc:2    | Found Byjeo's General Store.
 34657 | Orc:2    | Found Buufeurr's Antique Armour Emporium.
 34670 | Orc:2    | Bought a pair of glowing boots for 142 gold pieces
 34670 | Orc:2    | Bought a pair of translucent gloves for 180 gold pieces
 34685 | Orc:2    | Identified the +1 pair of gloves "Mutta" {Slay+3 Stlth+}
                  | (You bought it in a shop on level 2 of the Orcish Mines)
 34906 | Orc:1    | Noticed Gastronok
 34920 | Orc:1    | Killed Gastronok
 34938 | Orc:1    | Found Geunt's Distillery.
 35135 | Orc:1    | Found an iron altar of Okawaru.
 35221 | Elf:1    | Entered Level 1 of the Elven Halls
 35308 | Elf:1    | Reached skill level 15 in Fighting
 35310 | Elf:1    | Received a gift from Trog
 35310 | Elf:1    | Mutation became permanent: You are robust. (+10% HP)
                  | [demonic ancestry]
 35310 | Elf:1    | Gained mutation: You are very robust. (+20% HP) [demonic
                  | ancestry]
 35310 | Elf:1    | Reached XP level 16. HP: 111/163 MP: 16/16
 35605 | Elf:1    | Received a gift from Trog
 36329 | Elf:1    | Reached skill level 1 in Shields
 36986 | Elf:1    | Received a gift from Trog
 37645 | Elf:2    | Received a gift from Trog
 38167 | Elf:2    | Reached skill level 5 in Shields
 38171 | Elf:2    | Noticed a deep elf blademaster
 38185 | Elf:2    | Killed a deep elf blademaster
 38600 | Elf:2    | Found a huge runed translucent gate.
 38600 | Elf:2    | Found a huge runed translucent gate.
 38600 | Elf:2    | Found a huge runed translucent gate.
 38601 | Elf:2    | Found a huge runed translucent gate.
 38602 | Elf:2    | Found a huge runed translucent gate.
 38660 | Elf:2    | Received a gift from Trog
 38928 | Elf:2    | Gained mutation: You regenerate magic rapidly. [demonic
                  | ancestry]
 38928 | Elf:2    | Reached XP level 17. HP: 56/172 MP: 17/17
 39416 | Elf:2    | Reached skill level 16 in Fighting
 39529 | Elf:2    | Received a gift from Trog
 39641 | Elf:3    | Entered Level 3 of the Elven Halls
 40033 | Elf:3    | Noticed Mara
 40049 | Elf:3    | Killed Mara
 40191 | Elf:3    | Found Fant's Gadget Shoppe.
 40195 | Elf:3    | Found Ehelin's Magic Scroll Emporium.
 40196 | Elf:3    | Found Nummojym's Food Shoppe.
 40336 | Elf:3    | Noticed a Hell Sentinel
 40903 | D:11     | Lost mutation: You are resistant to hostile enchantments.
                  | (MR+) [potion of mutation]
 40903 | D:11     | Lost mutation: You expend magic power (3 MP) to strengthen
                  | your wands. [potion of mutation]
 40903 | D:11     | Gained mutation: You are weak. (Str -2) [potion of
                  | mutation]
 40903 | D:11     | Gained mutation: You possess an exceptional clarity of
                  | mind. [potion of mutation]
 40903 | D:11     | Gained mutation: Your flesh is cold resistant. (rC+)
                  | [potion of mutation]
 40903 | D:11     | Gained mutation: Your system is resistant to poisons.
                  | (rPois) [potion of mutation]
 41354 | Orc:1    | Bought a potion of heal wounds for 80 gold pieces
 41354 | Orc:1    | Bought a potion of haste for 160 gold pieces
 41489 | Elf:3    | Identified the +6 rapier "Guycot" {vamp, +Rage rF- MR+++
                  | Str-2}
 41489 | Elf:3    | Identified the amulet "Feog" {Spirit rElec rN+ MR+ Int-2
                  | SInv}
 41601 | Elf:3    | Reached skill level 1 in Evocations
 42286 | Elf:3    | Received a gift from Trog
 42360 | Elf:3    | Identified the +6 battleaxe of Mifuucze {protect, rElec
                  | rC+}
 42360 | Elf:3    | Identified the ring of Gugh {rF+ AC+3 Str+4 Int-4}
 42618 | Elf:3    | Noticed a deep elf blademaster
 42634 | Elf:3    | Killed a deep elf blademaster
 42697 | Elf:3    | Noticed a deep elf master archer
 42750 | Elf:3    | Identified the cursed ring of Nijeck {Int+7 Dex-3}
 42751 | Elf:3    | Identified the cursed +0 leather armour of Immorality {rN+
                  | MR+}
 42926 | Elf:3    | Noticed a deep elf blademaster
 42937 | Elf:3    | Reached skill level 10 in Shields
 42938 | Elf:3    | Killed a deep elf blademaster
 42938 | Elf:3    | Reached XP level 18. HP: 167/183 MP: 17/19
 43134 | Elf:3    | Reached skill level 17 in Fighting
 43254 | Elf:3    | Noticed a Tzitzimitl
 44204 | Snake:1  | Entered Level 1 of the Snake Pit
 44472 | Snake:1  | Received a gift from Trog
 44696 | Snake:1  | Found Wicesuocw's Jewellery Shoppe.
 44982 | Snake:1  | Reached skill level 5 in Throwing
 45039 | Snake:1  | Found Mobaus's Antique Armour Shop.
 45078 | Snake:1  | Found Fehun's Antique Armour Emporium.
 45084 | Snake:1  | Bought a pair of crude gloves for 332 gold pieces
 45084 | Snake:1  | Bought an opal-encrusted plate armour for 980 gold pieces
 45084 | Snake:1  | Identified the +1 pair of gloves of Usink {Int+4} (You
                  | bought it in a shop on level 1 of the Snake Pit)
 45085 | Snake:1  | Identified the +2 plate armour of the Heavens {rF+} (You
                  | bought it in a shop on level 1 of the Snake Pit)
 45093 | Snake:1  | Found Cuthihee's Book Shop.
 45105 | Snake:1  | Found a runed translucent door.
 45363 | Snake:1  | Got a bronze chain mail
 45374 | Snake:1  | Identified the +7 chain mail of the Lily {rC+ Dex+2} (You
                  | found it on level 1 of the Snake Pit)
 46577 | Snake:2  | Noticed Aizul
 46596 | Snake:2  | Killed Aizul
 46596 | Snake:2  | Received a gift from Trog
 47400 | Snake:2  | Received a gift from Trog
 47565 | Snake:2  | Got an ebony hand axe
 47566 | Snake:2  | Identified the +6 hand axe of Prudence {freeze, rPois rC+
                  | Int-3} (You found it on level 2 of the Snake Pit)
 48122 | Snake:3  | Identified Roxanne's Collected Works on Moulding
 48122 | Snake:3  | Noticed Roxanne
 48146 | Snake:3  | Killed Roxanne
 48506 | Snake:3  | Gained mutation: You are extremely robust. (+30% HP)
                  | [demonic ancestry]
 48506 | Snake:3  | Reached XP level 19. HP: 186/210 MP: 5/20
 49140 | Snake:4  | Entered Level 4 of the Snake Pit
 49425 | Snake:4  | Received a gift from Trog
 49439 | Snake:4  | Reached skill level 15 in Armour
 49441 | Snake:4  | Received a gift from Trog
 49901 | Snake:4  | Reached skill level 18 in Fighting
 50534 | Snake:4  | Received a gift from Trog
 51750 | Snake:4  | Got a serpentine rune of Zot
 51845 | Snake:4  | Reached skill level 10 in Throwing
 51942 | Snake:4  | Received a gift from Trog
 52265 | Swamp:1  | Entered Level 1 of the Swamp
 52499 | Swamp:1  | Received a gift from Trog
 53361 | Swamp:2  | Reached XP level 20. HP: 223/223 MP: 7/21
 53513 | Swamp:2  | Received a gift from Trog
 53750 | Swamp:3  | Received a gift from Trog
 53764 | Swamp:3  | Got a warped war axe {god gift}
 53765 | Swamp:3  | Identified the +8 war axe of Egomania {freeze, MR- Str+4
                  | Stlth+} (Trog gifted it to you on level 3 of the Swamp)
 53958 | Swamp:3  | Noticed Jorgrun
 53964 | Swamp:3  | Killed Jorgrun
 54351 | Swamp:4  | Entered Level 4 of the Swamp
 54683 | Swamp:4  | Got a decaying rune of Zot
 54894 | Swamp:4  | Received a gift from Trog
 55656 | Vaults:1 | Entered Level 1 of the Vaults
 56144 | Vaults:1 | Received a gift from Trog
 56168 | Vaults:1 | Reached skill level 15 in Shields
 56303 | Vaults:1 | Reached skill level 19 in Fighting
 56311 | Vaults:1 | Gained mutation: You are powered by pain. [demonic
                  | ancestry]
 56311 | Vaults:1 | Reached XP level 21. HP: 151/234 MP: 7/22
 57155 | Vaults:1 | Received a gift from Trog
 57673 | Vaults:1 | Identified the +7 chain mail of Bautang {Int+3} (You found
                  | it on level 1 of the Vaults)
 57922 | Vaults:2 | Reached skill level 15 in Throwing
 58349 | Vaults:2 | Found a staircase to the Crypt.
 58606 | Vaults:2 | Received a gift from Trog
 58622 | Vaults:2 | Found a shimmering altar of Xom.
 58878 | Vaults:2 | Got a wavering wooden ring
 58879 | Vaults:2 | Identified the cursed ring "Vuruf" {rF+ Str+3 Int-4} (You
                  | found it on level 2 of the Vaults)
 58890 | Vaults:2 | Reached skill level 20 in Fighting
 59166 | Vaults:2 | Received a gift from Trog
 59702 | Vaults:3 | You fall into a shaft and drop 1 floor!
 59863 | Vaults:4 | Received a gift from Trog
 60016 | Vaults:3 | Noticed Margery
 60032 | Vaults:3 | Killed Margery
 60068 | Vaults:3 | Gained mutation: When low on magic, you restore magic in
                  | place of health. [demonic ancestry]
 60068 | Vaults:3 | Reached XP level 22. HP: 162/249 MP: 18/23
 60111 | Vaults:3 | Reached skill level 21 in Fighting
 60162 | Vaults:3 | Received a gift from Trog
 60989 | Vaults:3 | Noticed Bai Suzhen
 60997 | Vaults:3 | Killed Bai Suzhen
 61320 | Vaults:4 | Received a gift from Trog
 62679 | Vaults:5 | Entered Level 5 of the Vaults
 62691 | Vaults:4 | Received a gift from Trog
 62691 | Vaults:4 | Reached skill level 22 in Fighting
 63033 | Vaults:5 | Paralysed by a sphinx for 2 turns
 64299 | Vaults:5 | Reached XP level 23. HP: 237/266 MP: 20/24
 64328 | Vaults:5 | Identified the ring "Bapiumol" {Fire rElec Dex+3 SInv}
 64331 | Vaults:5 | Found the cursed +14 obsidian axe {chop, +Fly SInv *Curse}
 64348 | Vaults:5 | Received a gift from Trog
 64369 | Vaults:5 | Got a translucent amber ring
 65482 | Vaults:5 | Noticed Frederick
 65492 | Vaults:5 | Killed Frederick
 65492 | Vaults:5 | Reached skill level 23 in Fighting
 67098 | D:14     | Bought a scroll of enchant armour for 120 gold pieces
 67098 | D:14     | Bought a scroll of enchant armour for 120 gold pieces
 67205 | D:9      | Bought 2 potions of heal wounds for 150 gold pieces
 67205 | D:9      | Bought a potion of resistance for 150 gold pieces
 67205 | D:9      | Bought a potion of haste for 150 gold pieces
 67584 | Vaults:5 | Received a gift from Trog
 67742 | Vaults:5 | Noticed an ancient lich
 67767 | Vaults:5 | Killed an ancient lich
 68166 | Vaults:5 | Identified the ring "Lumeirud" {rElec SInv} (You found it
                  | on level 5 of the Vaults)
 68357 | Vaults:5 | Received a gift from Trog
 68366 | Vaults:5 | Got a silver rune of Zot
 68789 | Depths:1 | Entered Level 1 of the Depths
 68893 | Depths:1 | Found a one-way gate leading to the halls of Pandemonium.
 68986 | Depths:1 | Reached skill level 24 in Fighting
 68996 | Depths:1 | Reached XP level 24. HP: 261/282 MP: 24/24
 69094 | Depths:1 | Noticed Sojobo
 69107 | Depths:1 | Killed Sojobo
 69132 | Depths:1 | Received a gift from Trog
 69828 | Depths:1 | Found the +12 Vampire's Tooth {vamp}
 69869 | Depths:1 | Found a gateway to Hell.
 70350 | Depths:2 | Received a gift from Trog
 70566 | Depths:2 | Received a gift from Trog
 70569 | Depths:2 | Reached skill level 25 in Fighting
 70772 | Depths:2 | Paralysed by a floating eye for 2 turns
 70919 | Depths:2 | Found a portal to a secret trove of treasure.
 71126 | Depths:2 | Received a gift from Trog
 71202 | Depths:2 | Reached XP level 25. HP: 188/297 MP: 24/24
 71206 | Depths:2 | Noticed a juggernaut
 71222 | Depths:2 | Killed a juggernaut
 71246 | Depths:2 | Reached skill level 26 in Fighting
 71861 | D:14     | Bought a scroll of enchant weapon for 120 gold pieces
 71861 | D:14     | Bought a scroll of enchant weapon for 120 gold pieces
 72224 | Orc:2    | Bought a scroll of enchant weapon for 112 gold pieces
 72670 | Depths:3 | Received a gift from Trog
 72858 | Depths:3 | Received a gift from Trog
 72906 | Depths:3 | Found a gateway to a ziggurat.
 72962 | Depths:3 | Found Cesops's Gadget Shoppe.
 72962 | Depths:3 | Found Nuwnamn's Jewellery Shop.
 72963 | Depths:3 | Found Pacec's Gadget Shoppe.
 73256 | Depths:3 | Received a gift from Trog
 73261 | Depths:3 | Found a one-way gate to the infinite horrors of the Abyss.
 73621 | Depths:4 | Received a gift from Trog
 73658 | Depths:4 | Received a gift from Trog
 73794 | Depths:4 | Reached skill level 27 in Fighting
 74054 | Depths:4 | Noticed an ancient lich
 74065 | Depths:4 | Killed an ancient lich
 74116 | Depths:4 | Reached XP level 26. HP: 314/314 MP: 23/24
 74772 | Depths:5 | Entered Level 5 of the Depths
 74956 | Depths:5 | Received a gift from Trog
 74979 | Depths:5 | Paralysed by a floating eye for 2 turns
 75033 | Depths:5 | Found a gate to the Realm of Zot.
 75211 | Depths:5 | Received a gift from Trog
 75309 | Depths:5 | Paralysed by a floating eye for 3 turns
 75326 | Depths:5 | Identified the ring "Targh" {rC- rN+ Int+2 Slay+2}
 75509 | Depths:5 | Found a hide-covered altar of Uskayaw.
 75595 | Depths:5 | Got a scintillating golden ring
 75596 | Depths:5 | Identified the ring of Ammigubb {rElec rF+ MR+ Stlth+} (You
                  | found it on level 5 of the Depths)
 75644 | Depths:5 | Noticed an ancient lich
 75659 | Depths:5 | Killed an ancient lich
 75694 | Depths:5 | Received a gift from Trog
 75717 | Depths:5 | Got a twitching bone ring
 75718 | Depths:5 | Identified the ring "Purr" {rElec Str+4} (You found it on
                  | level 5 of the Depths)
 75730 | Depths:5 | Found a white marble altar of Elyvilon.
 75987 | Zot:1    | Entered Level 1 of the Realm of Zot
 76799 | Zot:1    | Reached XP level 27. HP: 274/323 MP: 8/24
 77277 | Zot:1    | Received a gift from Trog
 77993 | Zot:2    | Received a gift from Trog
 78106 | Zot:3    | Received a gift from Trog
 80015 | Zot:3    | Found a transporter.
 80081 | Zot:3    | Found a transporter.
 80294 | Zot:3    | Got a bound copper ring
 80295 | Zot:3    | Identified the ring "Xol Ryax" {rPois rF++ Slay+3} (You
                  | found it on level 3 of the Realm of Zot)
 80305 | Zot:3    | Got a transparent marble ring
 80306 | Zot:3    | Identified the ring "Cilutagi" {*Tele Dex+2} (You found it
                  | on level 3 of the Realm of Zot)
 80456 | Zot:4    | Received a gift from Trog
 80888 | Zot:5    | Entered Level 5 of the Realm of Zot
 80902 | Zot:5    | Received a gift from Trog
 81490 | Zot:5    | Noticed an ancient lich
 81492 | Zot:5    | Noticed an orb of fire
 81494 | Zot:5    | Killed an orb of fire
 81494 | Zot:5    | Noticed an orb of fire
 81500 | Zot:5    | Killed an ancient lich
 81502 | Zot:5    | Killed an orb of fire
 81578 | Zot:5    | Noticed an orb of fire
 81586 | Zot:5    | Gained mutation: You are clumsy. (Dex -2) [an orb of fire]
 81590 | Zot:5    | Killed an orb of fire
 81592 | Zot:5    | Noticed an orb of fire
 81597 | Zot:5    | Killed an orb of fire
 81667 | Zot:5    | Noticed an orb of fire
 81683 | Zot:5    | Killed an orb of fire
 81792 | Zot:5    | Noticed an orb of fire
 81801 | Zot:5    | Killed an orb of fire
 81836 | Zot:5    | Noticed an orb of fire
 81843 | Zot:5    | Killed an orb of fire
 81866 | Zot:5    | Noticed an orb of fire
 81869 | Zot:5    | Killed an orb of fire
 81873 | Zot:5    | Received a gift from Trog
 82335 | Zot:5    | Got the Orb of Zot
 82416 | Zot:1    | Cast into level 5 of the Abyss (a Zot trap)
 82416 | Abyss:5  | Entered Level 5 of the Abyss
 82637 | Abyss:5  | Found a corrupted altar of Lugonu.
 82643 | Zot:1    | Escaped the Abyss
 83341 | D:1      | Noticed Zuru the pandemonium lord
 83353 | D:1      | Killed Zuru the pandemonium lord
 83407 | D:$      | Escaped with the Orb!

Levels and vault maps discovered:
D:1:      arrival_aquarium_a, layout_loops_cross
D:2:      layout_loops_ring
D:3:      minmay_recursive_quarters, layout_loops_corners, first_ration,
          glass_columns_a, uniq_ijyb, uniq_jessica
D:4:      layout_basic, serial_shops, shop, uniq_natasha
D:5:      layout_layer_cave, kennysheep_little_box,
          gammafunk_temple_overflow_wave, minmay_temple_entry_glassed_door
D:6:      layout_cave_pools, nicolae_overflow_crystal_walls,
          lemuel_doored_altar, gammafunk_ghost_stat_death, serial_bayou,
          serial_bayou_shore_b, serial_bayou_pond_c, serial_bayou_shore_b,
          serial_bayou_pond_a, serial_bayou_ford_a, serial_bayou_shore_b
D:7:      layout_loops_corners, kennysheep_mini,
          gammafunk_temple_overflow_statue, uniq_harold, uniq_duvessa
D:8:      layout_gridville, elyvilon_altar_5, hangedman_little_slice_of_home
D:9:      layout_gridville, serial_shops, shop, uniq_grum
D:10:     layout_grid_maze, david_orc_2
D:11:     gammafunk_corrupted_shrine, layout_layer_cave, erik_lair_island,
          enter_bailey_3, serial_shops, shop
D:12:     layout_rooms, uniq_maurice, uniq_azrael, uniq_urug
D:13:     layout_stronghold, erik_vaults_2, gauntlet_entry_generic,
          chequers_serial_rivers_small_3
D:14:     layout_loops_ring, nicolae_ru_path_of_blood, serial_shops,
          shop_fountains, uniq_kirke, uniq_snorg
D:15:     hangedman_depths_entry_civil_slaughter, layout_long_grid,
          cheibriados_altar_1
Lair:1:   layout_concentric_octagons, lemuel_centaur_altar, uniq_erica
Lair:2:   wad_woods_04, layout_layer_cave, swamp_mist_pool,
          minmay_snake_entry_six_corridors, lemuel_fruit_tree
Lair:3:   layout_roguey [special_room_bee]
Lair:4:   layout_cave_pods, portal_ice_cave_entry_ice_beasts, minivault_27,
          grunt_megastairs_5
Lair:5:   layout_hall_layers, slime_altar_1, ebering_ghost_disaster_area,
          uniq_josephine
Lair:6:   evilmike_catoblepas_cave, layout_cave_pods
Swamp:1:  layout_falls_marsh, hangedman_swamp_pad
Swamp:2:  layout_basic_swamp, nicolae_swamp_little_tower
Swamp:3:  layout_basic_swamp, evilmike_swamp_ruin_house_4, swamp_pool2,
          infiniplex_staircase_pool_2, uniq_jorgrun
Swamp:4:  swamp_alternative, layout_basic_swamp, swamp_pool4,
          nicolae_swamp_trees_clearing, nicolae_swamp_hydra_murder_den
Snake:1:  layout_grid_maze, serial_shops, shop, nicolae_shop_waterfront, shop,
          shop, lightli_airlock
Snake:2:  layout_onion, uniq_aizul
Snake:3:  layout_layer_cave, st_stairs_5, nicolae_snake_lava_pool,
          grunt_megastairs_1, uniq_roxanne
Snake:4:  johnstein_snake_rune_scales, layout_cave_town, drop_trap
Orc:1:    layout_caves, serial_shops, shop, okawaru_metal_pillars_3,
          uniq_gastronok
Orc:2:    grunt_orc_gardens, layout_diamond_mine, grunt_orc_garden,
          grunt_orc_garden, grunt_orc_garden, grunt_orc_garden, serial_shops,
          shop_fountains, nicolae_shop_statue_plus, nicolae_shop_waterfront,
          nicolae_shop_behind_doors
Elf:1:    layout_loops_corners, minmay_elf_sorcery
Elf:2:    layout_geoelf_octagon, minivault_15, hangedman_elf_power_crystal
Elf:3:    minmay_elf_hall_four_x, layout_gridlike, minmay_misc_feat_rows,
          st_stairs_14, minmay_shop_star, uniq_mara
Vaults:1: vaults_dpeg_diagonal, vaults_room_pool, ontoclasm_vaults_ring_square,
          nicolae_vaults_ninety_degrees, vaults_room_corners,
          hangedman_vaults_stream, ontoclasm_vaults_spin,
          nicolae_vaults_network_s, v_misc_2, v_misc_23, st_lines,
          grunt_vaults_hallway_long, nicolae_vaults_little_squares_5,
          layout_vaults_ring
Vaults:2: nicolae_vaults_holding_cells, ontoclasm_vaults_bender,
          minmay_crypt_entry_vampire_xt, v_misc_30, hangedman_vaults_cutoff,
          nicolae_vaults_hallways_thing, v_rooms_4, ontoclasm_vaults_shuriken,
          v_alt_pattern_1, vaults_room_corners, vaults_mumra_lcd,
          nicolae_vaults_little_squares_6, vaults_dpeg_ring,
          layout_vaults_omnicross, basic_altar
Vaults:3: nicolae_vaults_disjoint_gnomons, ontoclasm_vaults_hangar,
          vaults_room_grid, vaults_standard_mumra_x,
          nicolae_vaults_inception_corners, serial_ice_m,
          grunt_vaults_hallway_long, nicolae_vaults_yaktaur_gun_rack,
          nicolae_vaults_display_case, vaults_standard_mumra_lines,
          vaults_dpeg_encased_lava, v_misc_12, layout_vaults_maze_snakey,
          uniq_margery, uniq_bai_suzhen
Vaults:4: v_misc_10, v_misc_10, ontoclasm_vaults_gallery, vaults_room_hallway,
          hangedman_vaults_impose, hangedman_vaults_nodes, vaults_mumra_hex,
          vaults_dpeg_cross, layout_vaults_quadrants
Vaults:5: serial_shops, uniq_frederick
Depths:1: layout_forbidden_donut, minivault_14, grunt_pan_entry_zigzag,
          pf_coc_iceberg, eino_small_chamber_without_monster,
          hangedman_decor_growths, ebering_dispersal_statue_hall,
          minmay_guarded_unrand_vampires_tooth, grunt_megastairs_2,
          serial_bayou_shore_a, serial_bayou_shore_b, serial_bayou_shore_b,
          uniq_sojobo
Depths:2: grunt_bent_corner, layout_basic, nicolae_trove_entry_path_of_doom,
          serial_sigils_hangedman_quiver, grunt_metal_band, minivault_14
Depths:3: abrahamwl_protected_by_tso_1, layout_gridlike, enter_ziggurat_b,
          grunt_pan_entry_sceptre, hangedman_geh_valley, kennysheep_nondescript,
          abyss_entry, minmay_shop_grove, infiniplex_staircase_zigzag_2,
          serial_bayou_shore_b, serial_bayou_shore_b, firewood_loft
Depths:4: grunt_x_marks_the_spot, layout_cave_pools, hell_entry, abyss_entry,
          minmay_misc_feat_ornament, serial_bayou_shore_b
Depths:5: hangedman_spin_cycle, hell_entry, pan_entry
Zot:1:    nicolae_zot_stationary_front, layout_basic, grunt_ministairs_5
Zot:2:    layout_misc_corridors
Zot:3:    gammafunk_its_a_trap, layout_onion_interference, evilmike_ambush
          [evilmike_ambush_outer_pillars, evilmike_ambush_inner_pond]
Zot:4:    layout_gridville
Zot:5:    layout_basic

Skill      XL: |  1  2  3  4  5  6  7  8  9 10 11 12 13 14 15 16 17 18 19 20 21 22 23 24 25 26 27 |
---------------+----------------------------------------------------------------------------------+-----
Axes           | 3 4 5 6 7 8 10 11 12 14 15 16 17 18 23 | 23.5
Fighting       | 4 5 6 7 8 10 11 12 13 15 16 17 18 19 20 22 24 25 27 | 27.0
Armour         | 2 3 4 6 7 9 10 11 12 13 14 15 16 17 18 19 22 23 | 23.0
Throwing       | 1 2 3 7 11 14 15 16 19 | 19.6
Long Blades    | 1 2 |  2.5
Shields        | 6 10 12 14 15 | 15.0
Evocations     | 1 2 |  2.0
Dodging        | |  1.9
Stealth        | |  0.2
Unarmed Combat | |  0.1

Action                   |  1- 3 |  4- 6 |  7- 9 | 10-12 | 13-15 | 16-18 | 19-21 | 22-24 | 25-27 || total
-------------------------+-------+-------+-------+-------+-------+-------+-------+-------+-------++-------
Melee: Hand axe          |   152 |   218 |   397 |   674 |       |   587 |       |       |       ||  2028
       War axe           |       |     6 |       |   336 |  1402 |   306 |    63 |    16 |       ||  2129
       Unarmed           |       |       |       |       |     3 |       |       |       |       ||     3
       Scimitar          |       |       |       |       |    12 |       |       |       |       ||    12
       Punch             |       |       |       |       |     1 |       |       |       |       ||     1
       Broad axe         |       |       |       |       |       |   406 |  1092 |   953 |  1327 ||  3778
Throw: Dart              |       |       |       |    21 |    23 |       |       |       |     9 ||    53
       Throwing net      |       |       |       |     1 |       |       |       |       |       ||     1
       Javelin           |       |       |       |       |    20 |     7 |       |     4 |   155 ||   186
       Boomerang         |       |       |       |       |       |    59 |   327 |       |       ||   386
Invok: Berserk           |     3 |     5 |     8 |    26 |    12 |       |     1 |     3 |     6 ||    64
       Trog's Hand       |       |     1 |     5 |    16 |    11 |     6 |     2 |     6 |    14 ||    61
Evoke: Wand              |       |       |       |     1 |     1 |     6 |       |       |     8 ||    16
  Use: Potion            |       |       |     2 |     1 |     2 |     3 |     1 |     1 |    17 ||    27
       Scroll            |       |       |     5 |    21 |     9 |    15 |     9 |    16 |    15 ||    90
 Stab: Distracted        |       |     1 |       |       |       |       |       |     3 |       ||     4
       Sleeping          |       |     1 |       |       |       |       |       |       |       ||     1
       Held in net/web   |       |       |       |     1 |       |       |       |       |       ||     1
       Invisible         |       |       |       |       |       |    19 |       |       |     4 ||    23
  Eat: Chunk             |     5 |    13 |    22 |    40 |    45 |    23 |    26 |    28 |    21 ||   223
       Ration            |       |       |     1 |     5 |     9 |     6 |     4 |     4 |     9 ||    38
Armor: Animal skin       |    52 |    12 |       |       |       |       |       |       |       ||    64
       Plate armour      |       |   110 |   242 |   471 |   901 |   490 |       |       |       ||  2214
       Chain mail        |       |       |       |       |       |   105 |   495 |   217 |       ||   817
       Gold dragon scale |       |       |       |       |       |       |       |   310 |   875 ||  1185
Dodge: Dodged            |   113 |    74 |    87 |   271 |   462 |   234 |   255 |   206 |   279 ||  1981
Block: Other             |     9 |    26 |    32 |    63 |    58 |       |       |       |       ||   188
       Reflection        |     1 |     1 |       |       |     4 |       |       |       |       ||     6
       Shield            |       |       |       |       |       |   645 |   677 |   557 |   763 ||  2642
       Rpst.: Scimitar   |       |       |       |       |     1 |       |       |       |       ||     1

Table legend:
 A = Non-vault XP
 B = Vault XP
 C = Vault XP percentage of total XP
 D = Non-vault monster count
 E = Vault monster count
 F = Vault count percentage of total count
                 A         B        C        D         E       F
            +---------+---------+-------+---------+---------+-------
      Total |  887911 | 1047479 |  54.1 |    1681 |    1080 |  39.1
            +---------+---------+-------+---------+---------+-------
        D:1 |     161 |       0 |   0.0 |      26 |       0 |   0.0
        D:2 |      91 |       0 |   0.0 |      28 |       0 |   0.0
        D:3 |     191 |      99 |  34.1 |      30 |      11 |  26.8
        D:4 |     281 |      33 |  10.5 |      18 |       1 |   5.3
        D:5 |     540 |       0 |   0.0 |      19 |       0 |   0.0
        D:6 |     951 |       0 |   0.0 |      23 |       0 |   0.0
        D:7 |     977 |    1220 |  55.5 |      16 |       3 |  15.8
        D:8 |    3158 |     165 |   5.0 |      42 |       8 |  16.0
        D:9 |    1227 |     659 |  34.9 |      26 |       5 |  16.1
       D:10 |     931 |     150 |  13.9 |      13 |       8 |  38.1
       D:11 |    4575 |    4893 |  51.7 |      34 |      22 |  39.3
       D:12 |    6795 |    3531 |  34.2 |      36 |       9 |  20.0
       D:13 |    7399 |    7922 |  51.7 |      28 |       8 |  22.2
       D:14 |    3751 |    3748 |  50.0 |      17 |       4 |  19.0
       D:15 |    8621 |    3992 |  31.6 |      24 |       6 |  20.0
     Lair:1 |    4416 |    1422 |  24.4 |      20 |       5 |  20.0
     Lair:2 |     965 |    2802 |  74.4 |       5 |      15 |  75.0
     Lair:3 |    3707 |    1827 |  33.0 |      18 |      26 |  59.1
     Lair:4 |    5445 |    3416 |  38.6 |      25 |      15 |  37.5
     Lair:5 |    6183 |    3007 |  32.7 |      24 |       5 |  17.2
     Lair:6 |   11144 |   10851 |  49.3 |      33 |      23 |  41.1
    Swamp:1 |   13067 |       0 |   0.0 |      39 |       0 |   0.0
    Swamp:2 |   14389 |       0 |   0.0 |      28 |       0 |   0.0
    Swamp:3 |   16451 |    2804 |  14.6 |      39 |       1 |   2.5
    Swamp:4 |   18582 |   18471 |  49.9 |      40 |      25 |  38.5
    Snake:1 |   22034 |    5014 |  18.5 |      44 |      11 |  20.0
    Snake:2 |   19397 |    1698 |   8.0 |      36 |       1 |   2.7
    Snake:3 |   14556 |    8145 |  35.9 |      30 |      16 |  34.8
    Snake:4 |   27618 |   45409 |  62.2 |      55 |      69 |  55.6
      Orc:1 |    8573 |    9195 |  51.8 |      84 |      22 |  20.8
      Orc:2 |     314 |    2655 |  89.4 |       9 |       6 |  40.0
      Elf:1 |   23837 |    8407 |  26.1 |      36 |      13 |  26.5
      Elf:2 |   21030 |   24476 |  53.8 |      35 |      29 |  45.3
      Elf:3 |   14955 |   62210 |  80.6 |      23 |      37 |  61.7
   Vaults:1 |   55957 |   25184 |  31.0 |      91 |      43 |  32.1
   Vaults:2 |   21476 |   18841 |  46.7 |      38 |      31 |  44.9
   Vaults:3 |   39009 |   32381 |  45.4 |      56 |      29 |  34.1
   Vaults:4 |   29231 |   66300 |  69.4 |      55 |      61 |  52.6
   Vaults:5 |   29458 |  118727 |  80.1 |      34 |      77 |  69.4
   Depths:1 |   33998 |   26989 |  44.3 |      50 |      29 |  36.7
   Depths:2 |   61216 |   85060 |  58.2 |      85 |      72 |  45.9
   Depths:3 |   45436 |    3173 |   6.5 |      53 |       4 |   7.0
   Depths:4 |   60474 |   59593 |  49.6 |      63 |      39 |  38.2
   Depths:5 |       0 |  110503 | 100.0 |       0 |      85 | 100.0
      Zot:1 |   58730 |   11013 |  15.8 |      31 |      10 |  24.4
      Zot:2 |   30173 |    6214 |  17.1 |      14 |       4 |  22.2
      Zot:3 |   59259 |   57436 |  49.2 |      34 |      27 |  44.3
      Zot:4 |   33712 |       0 |   0.0 |      20 |       0 |   0.0
      Zot:5 |   27907 |  172664 |  86.1 |      13 |      41 |  75.9
    Abyss:5 |   15563 |    3621 |  18.9 |      41 |       2 |   4.7
     Bailey |       0 |    4919 | 100.0 |       0 |      68 | 100.0
      IceCv |       0 |    6640 | 100.0 |       0 |      54 | 100.0
            +---------+---------+-------+---------+---------+-------
